 Dungeon Crawl Stone Soup version 0.29.1-15-g9cfb28693d (webtiles) character file.

Game seed: 8789343815497919897

359 bmack86 the Chopper (level 6, -1/51 HPs)
             Began as a Minotaur Fighter on Apr 3, 2024.
             Slain by an ogre
             ... wielding a +0 giant spiked club
              (13 damage)
             ... on level 4 of the Dungeon.
             The game lasted 00:05:37 (2832 turns).

bmack86 the Chopper (Minotaur Fighter)              Turns: 2832, Time: 00:05:37

Health: -1/51      AC:  8    Str: 22    XL:     6   Next: 37%
Magic:  5/5        EV:  9    Int:  5    God:
Gold:   196        SH:  5    Dex: 10    Spells: 5/5 levels left

rFire   . . .      SeeInvis .   a - +0 war axe
rCold   . . .      Faith    .   c - +0 buckler
rNeg    . . .      Spirit   .   b - +0 scale mail
rPois   .          Reflect  .   (helmet restricted)
rElec   .          Harm     .   (no cloak)
rCorr   .          Rampage  .   (no gloves)
Will    .....                   q - +0 pair of boots
Stlth   ..........              (no amulet)
HPRegen 0.17/turn               (no ring)
MPRegen 0.09/turn               (no ring)

@: no status effects
A: horns 2, retaliatory headbutt
a: no special abilities


You were on level 4 of the Dungeon.
You visited 1 branch of the dungeon, and saw 4 of its levels.

You collected 196 gold pieces.

Inventory:

Hand Weapons
 a - a +0 war axe (weapon)
Missiles
 p - a curare-tipped dart (quivered)
Armour
 b - a +0 scale mail (worn)
 c - a +0 buckler (worn)
 q - a +0 pair of boots (worn)
Wands
 o - a wand of flame (1)
Scrolls
 g - a scroll of vulnerability {unknown}
 i - a scroll of identify
 k - a scroll of enchant armour {unknown}
 m - 2 scrolls of teleportation {unknown}
 s - a scroll of summoning {unknown}
Potions
 d - a potion of might
 e - a potion of attraction
 f - a potion of brilliance
 h - a potion of cancellation
 j - a potion of ambrosia
 l - a potion of magic {unknown}
 n - 2 potions of curing {unknown}
 r - a potion of lignification {unknown}


   Skills:
 - Level 3.6 Fighting
 + Level 7.5 Axes
 - Level 3.6 Armour
 - Level 5.0 Shields


You had 5 spell levels left.
You didn't know any spells.
Your spell library contained the following spells:

 Spells                   Type           Power      Damage    Failure   Level
 Apportation              Tloc           0%         N/A       87%         1
 Necrotise                Necr           0%         1d4       87%         1
 Summon Small Mammal      Summ           0%         N/A       87%         1
 Petrify                  Tmut/Erth      0%         N/A       100%        4
 Metabolic Englaciation   Hex/Ice        0%         N/A       100%        5
 Statue Form              Tmut/Erth      0%         N/A       100%        6
 Borgnjor's Revivificati  Necr           0%         N/A       100%        8
 Necromutation            Tmut/Necr      0%         N/A       100%        8
 Death's Door             Necr           0%         N/A       100%        9


Dungeon Overview and Level Annotations

Branches:
Dungeon (4/15)
 Temple: D:4-7

Altars:

Annotations:
D:3 2 transporters, coffeetime's ghost, amateur KoAM


Innate Abilities, Weirdness & Mutations

You have a pair of horns on your head.
You reflexively headbutt those who attack you in melee.


Message History

The gnoll misses you. The gnoll attacks as you move away!
The gnoll hits you but does no damage.
You hit the gnoll.
The gnoll is heavily wounded.
The gnoll hits you but does no damage. The gnoll barely misses you.
You closely miss the gnoll. You headbutt the gnoll.
The gnoll is almost dead.
The gnoll hits you with a +0 club.
You slash the gnoll!
You kill the gnoll!
The gnoll is no longer moving quickly.
The gnoll hits you but does no damage.
You slash the gnoll! You headbutt the gnoll.
The gnoll is almost dead.
The gnoll is no longer moving quickly.
The gnoll hits you from afar with a +0 spear.
The gnoll barely misses you. The gnoll attacks as you move away!
The gnoll hits you with a +0 club. The gnoll attacks as you move away!
The gnoll hits you with a +0 club.
There is a shaft here.
The gnoll attacks as you move away! The gnoll closely misses you.
You furiously retaliate!
You headbutt the gnoll.
You kill the gnoll!
You throw a curare-tipped dart.
The curare-tipped dart closely misses the gnoll.
The curare-tipped dart hits the gnoll.
The gnoll is poisoned.
The gnoll convulses.
The gnoll seems to slow down.
The gnoll is moderately wounded.
The gnoll completely misses you.
There is a shaft here.
You slash the gnoll!
You kill the gnoll!
You hit the gnoll.
You kill the gnoll!
The ogre hits you with a +0 giant spiked club!!
* * * LOW HITPOINT WARNING * * *
Items here: ! ))) ††.
You slash the ogre! Your headbutt misses the ogre.
The ogre is moderately wounded.
The ogre hits you with a +0 giant spiked club!
You die...

#.##.##########.#
#######....# #.#
#........#########
#.#
#.#####.......)..#
#.# #..#######.#
##.## ##.#####..##
#.###.#.###
#..........#
##.##)###...
#..#######^#
#....## ##.. #@#
#.#...###... #O#
#...##.#.#.. #(#
#######.##.. #.#
####.. #.# #.. #)#
#.. ..Ogg.()# #..
.#.###### #.) #..


You could see an ogre.

Vanquished Creatures
  A sky beast (D:4)
  A scorpion (D:4)
  A gnoll bouda (D:4)
  9 gnolls
  3 adders
  A worm (D:2)
  2 dart slugs
  3 endoplasms
  2 giant cockroaches
  3 goblins
  7 hobgoblins
  5 jackals
  3 kobolds
  9 ball pythons
  7 bats
  4 frilled lizards
  6 rats
67 creatures vanquished.

Notes
Turn   | Place    | Note
-------+----------+-------------------------------------------
     0 | D:1      | bmack86 the Minotaur Fighter began the quest for the Orb.
     0 | D:1      | Reached XP level 1. HP: 19/19 MP: 0/0
   118 | D:1      | Reached XP level 2. HP: 21/26 MP: 1/1
   700 | D:1      | Reached skill level 3 in Axes
   945 | D:2      | Reached XP level 3. HP: 25/31 MP: 2/2
  1168 | D:2      | Reached skill level 5 in Shields
  1329 | D:2      | Found a faded altar of an unknown god.
  1671 | D:3      | Reached skill level 4 in Axes
  1671 | D:3      | Reached XP level 4. HP: 38/39 MP: 3/3
  1910 | D:3      | Reached skill level 5 in Axes
  2197 | D:3      | Found a transporter.
  2198 | D:3      | Found a transporter.
  2198 | D:3      | Noticed coffeetime's ghost (amateur KoAM)
  2199 | D:3      | Noticed an ogre
  2199 | D:3      | Identified the +7 dire flail of Havoc {flame, rElec Will+}
  2199 | D:3      | Noticed an ogre
  2201 | D:3      | Noticed an ogre
  2523 | D:4      | Noticed a scorpion
  2526 | D:4      | Killed a scorpion
  2527 | D:4      | Reached skill level 6 in Axes
  2527 | D:4      | Reached XP level 5. HP: 44/45 MP: 4/4
  2622 | D:4      | Noticed a sky beast
  2631 | D:4      | Killed a sky beast
  2632 | D:4      | Reached XP level 6. HP: 23/51 MP: 5/5
  2814 | D:4      | Reached skill level 7 in Axes
  2832 | D:4      | Slain by an ogre

Illustrated notes

Levels and vault maps discovered:
D:1:      wander_arrival_fairy_ring, layout_basic, grunt_decor_mini_mirrors
D:2:      layout_basic, hellmonk_ecumenical_altar_leap_of_faith
D:3:      layout_basic, gammafunk_ghost_smash
D:4:      layout_loops_ring

Skill      XL: |  1  2  3  4  5  6 |
---------------+-------------------+-----
Shields        | 4 5 |  5.0
Axes           | 3 4 6 7 |  7.5
Fighting       | |  3.6
Armour         | |  3.6

Action                   |  1- 3 |  4- 6 || total
-------------------------+-------+-------++-------
Melee: War axe           |    71 |    46 ||   117
       Headbutt          |    12 |    10 ||    22
Throw: Dart              |       |     2 ||     2
Evoke: Wand              |       |    12 ||    12
  Use: Scroll            |     5 |       ||     5
       Potion            |       |     1 ||     1
Armor: Scale mail        |    40 |    30 ||    70
Dodge: Dodged            |    26 |    29 ||    55
Block: Buckler           |    15 |     8 ||    23
